 Dungeon Crawl Stone Soup version 0.27-a0-3-gcf006a40f5 (webtiles) character file.

Game seed: 10638971549580219529

266405 pkoi the Slayer (level 20, -14/198 HPs)
             Began as a Minotaur Gladiator on Jan 2, 2021.
             Was the Champion of Ashenzari.
             Demolished by a spriggan berserker
             ... wielding a +0 flail
              (24 damage)
             ... on level 15 of the Dungeon.
             The game lasted 01:06:52 (45238 turns).

pkoi the Slayer (Minotaur Gladiator)               Turns: 45238, Time: 01:06:52

Health: -14/198    AC: 25    Str: 31    XL:     20   Next: 3%
Magic:  22/22      EV: 26    Int:  5    God:    Ashenzari [******]
Gold:   3564       SH:  0    Dex: 17    Spells: 20/23 levels left

rFire    + . .     SeeInvis +   l - +0 battleaxe (vorpal) (curse)
rCold    . . .     Faith    .   (shield currently unavailable)
rNeg     . . .     Spirit   .   D - +2 scale mail of the Turtle {rPois} (curse)
rPois    +         Reflect  .   c - +1 hat (curse)
rElec    .         Harm     .   j - +0 cloak of Ximigi {Str+2 Dex+3} (curse)
rCorr    .         Rampage  .   T - +0 pair of gloves {Str+3} (curse)
Will     +....     Clarity  +   y - +0 pair of boots (curse)
Stlth    ..........             i - amulet of regeneration (curse)
HPRegen  0.83/turn              n - ring of protection from fire (curse)
MPRegen  0.18/turn              k - +4 ring of protection (curse)

@: about to teleport, studying Fighting
A: retaliatory headbutt, horns 2
a: Renounce Religion, Curse Item, Scrying, Transfer Knowledge


You were on level 15 of the Dungeon.
You worshipped Ashenzari.
Ashenzari was exalted by your worship.
You visited 7 branches of the dungeon, and saw 33 of its levels.
You visited the Abyss 1 time.
You also visited: Bailey and Ice Cave.

You collected 4237 gold pieces.
You spent 673 gold pieces at shops.

Inventory:

Hand Weapons
 l - a cursed +0 vorpal battleaxe (weapon)
 v - a +0 battleaxe
Missiles
 d - 6 throwing nets
 s - 49 poisoned darts
 C - 33 javelins (quivered)
Armour
 c - a cursed +1 hat (worn)
 j - the cursed +0 cloak of Ximigi (worn) {Str+2 Dex+3}
   (You found it on level 4 of the Dungeon)

   It affects your strength (+2).
   It affects your dexterity (+3).
   It has a curse placed upon it.
 y - a cursed +0 pair of boots (worn)
 D - the cursed +2 scale mail of the Turtle (worn) {rPois}
   (You bought it in a shop on level 2 of the Orcish Mines)

   It protects you from poison.
   It has a curse placed upon it.
 T - a cursed +0 pair of gloves of strength (worn)
Jewellery
 i - a cursed amulet of regeneration (around neck)
 k - a cursed +4 ring of protection (right hand)
 n - a cursed ring of protection from fire (left hand)
 V - the ring of Moodiness {+Fly rF- rC+++ rN+}
   (You took it off a deep elf death mage on level 3 of the Elven Halls)

   [ring of flight]

   It makes you vulnerable to fire.
   It renders you almost immune to cold.
   It protects you from negative energy.
   It lets you fly.
Wands
 g - a wand of enslavement (34)
 u - a wand of acid (18)
 w - a wand of flame (80)
 z - a wand of iceblast (18)
 G - a wand of polymorph (31)
 M - a wand of disintegration (6)
 R - a wand of paralysis (27)
Scrolls
 b - 7 scrolls of remove curse
 e - 9 scrolls of fear
 f - 6 scrolls of blinking
 p - 31 scrolls of identify
 B - 4 scrolls of amnesia
 E - 6 scrolls of enchant weapon
 H - 3 scrolls of fog
 N - 13 scrolls of teleportation
 P - 3 scrolls of enchant armour
 Q - 8 scrolls of magic mapping
Potions
 m - 3 potions of brilliance
 o - 5 potions of flight
 q - 5 potions of mutation
 t - 8 potions of heal wounds
 A - 2 potions of might
 F - 2 potions of haste
 I - 3 potions of ambrosia
 J - 14 potions of curing
 L - a potion of cancellation
 S - 3 potions of berserk rage
Books
 W - a manual of Fighting
Miscellaneous
 X - a phantom mirror


   Skills:
 + Level 21.1 Fighting
 + Level 19.8(24.5) Axes
 + Level 9.8 Throwing
 + Level 19.1(22.7) Armour
 + Level 17.6(21.3) Dodging
 - Level 2.4 Spellcasting
 - Level 2.7(6.4) Translocations
 - Level 8.0(12.4) Evocations


You had 20 spell levels left.
You knew the following spells:

 Your Spells              Type           Power        Failure   Level
a - Apportation           Tloc           14%          4%          1
b - Blink                 Tloc           N/A          7%          2

Your spell library contained the following spells:

 Spells                   Type           Power        Failure   Level
 Gell's Gravitas          Tloc           3%           13%         3
 Lesser Beckoning         Tloc           3%           13%         3
 Animate Skeleton         Necr           2%           43%         1
 Corona                   Hex            1%           43%         1
 Magic Dart               Conj           4%           43%         1
 Pain                     Necr           4%           43%         1
 Sandblast                Erth           2%           43%         1
 Summon Small Mammal      Summ           4%           43%         1
 Call Imp                 Summ           1%           56%         2
 Ensorcelled Hibernation  Hex/Ice        2%           56%         2
 Passwall                 Tmut/Erth      0%           56%         2
 Poisonous Vapours        Pois/Air       2%           56%         2
 Slow                     Hex            1%           56%         2
 Confusing Touch          Hex            1%           80%         3
 Conjure Flame            Conj/Fire      1%           80%         3
 Dazzling Flash           Conj/Hex       2%           80%         3
 Mephitic Cloud           Conj/Pois/Air  1%           80%         3
 Stone Arrow              Conj/Erth      2%           80%         3
 Tukima's Dance           Hex            1%           80%         3
 Vampiric Draining        Necr           0%           80%         3
 Animate Dead             Necr           0%           99%         4
 Ice Form                 Ice/Tmut       1%           99%         4
 Petrify                  Tmut/Erth      1%           99%         4
 Agony                    Necr           1%           100%        5
 Alistair's Intoxication  Tmut/Pois      0%           100%        5
 Bolt of Magma            Conj/Fire/Erth 0%           100%        5
 Iskenderun's Battlesphe  Conj           1%           100%        5
 Lee's Rapid Deconstruct  Erth           0%           100%        5
 Metabolic Englaciation   Hex/Ice        0%           100%        5
 Yara's Violent Unravell  Hex/Tmut       0%           100%        5
 Freezing Cloud           Conj/Ice/Air   0%           100%        6
 Invisibility             Hex            1%           100%        6
 Iron Shot                Conj/Erth      0%           100%        6
 Ozocubu's Refrigeration  Ice            0%           100%        6
 Simulacrum               Ice/Necr       0%           100%        6
 Haunt                    Necr/Summ      0%           100%        7
 Orb of Destruction       Conj           0%           100%        7
 Spellforged Servitor     Conj/Summ      0%           100%        7
 Borgnjor's Revivificati  Necr           0%           100%        8
 Infestation              Necr           0%           100%        8
 Necromutation            Tmut/Necr      0%           100%        8
 Death's Door             Necr           0%           100%        9


Dungeon Overview and Level Annotations

Branches:
Dungeon (15/15)            Temple (0/1) D:6            Lair (6/6) D:10
  Swamp (3/4) Lair:2       Spider (3/4) Lair:3        Slime (0/5) Lair:5
    Orc (2/2) D:11            Elf (3/3) Orc:2        Vaults (0/5) D:14
 Depths (1/5) D:15         Bailey (visited)           IceCv (visited)

Altars:
Ashenzari
Fedhas
Nemelex Xobeh
Okawaru
Qazlal
Sif Muna
Trog
Wu Jian
Xom
The Shining One
Beogh

Shops:
D:7 *   D:12 [   Orc:1 (   Orc:2 ([=}   Elf:2 *   Elf:3 [

Portals:
Abyss: Lair:4
Trove: D:10 (give horn of Geryon)

Annotations:
D:9 3 runed translucent doors, Lutha's ghost, novice MiFi
D:11 1 runed translucent door, Eryximachus's ghost, journeyman OpTm
Lair:4 2 transporters, exclusion: oklob plant, Wairalebb's ghost, journeyman BaFi
Swamp:3 Mara
Spider:3 2 transporters
Elf:3 2 transporters, Copingsaw's ghost, veteran FoHu


Innate Abilities, Weirdness & Mutations

You reflexively headbutt those who attack you in melee.
You have a pair of horns on your head.


Message History

The spriggan berserker hits you with a +0 flail!
* * * LOW HITPOINT WARNING * * *
You climb upwards.
Welcome back to the Dungeon!
The death yak is no longer berserk.
The death yak disappears in a puff of smoke!
There is a staircase to the Depths, spattered with blood here.
Okay, then.
Unknown command.
Blink to where?
Press: ? - help, Dir - move target
As you read the scroll of blinking, it crumbles to dust.
As you read the scroll of fear, it crumbles to dust.
You assume a fearsome visage.
The spriggan berserker resists with almost no effort.
The spriggan berserker rages.
As you read the scroll of teleportation, it crumbles to dust.
You feel strangely unstable. The spriggan berserker misses you.
The spriggan berserker completely misses you.
The spriggan berserker hits you with a +0 flail!!
You die...

.#.......#........#####.#.....+..
.#.......#........#.....#.....#..
.##......#........#.....#.....#..
..#......##########.....###...#..
..'.......................#...#.#
..#.....########......#...#...'.#
..#....##.....###.8..##...#...#.#
..#...##[....[.##...##....#####(.
###...#>[#####)i@..##...........#
......##.......#####...........##
.......##.....##........(........
........#######........(.......##
.....................(.(........#
...#######...........(...........
####.....#.#########(#####.....#.
.........#.#......(.(.^..#.#+###.
###+##...#.#.....)().....#.#.....


You could see a spriggan berserker (berserk).

Vanquished Creatures
  Saint Roka (Orc:2)
  A golden dragon (Depths:1)
  Rupert (D:12)
  2 deep elf blademasters
  2 deep elf master archers (Elf:3)
  A kraken (Abyss:3)
  Kirke (Lair:4)
  The ghost of Wogiaph the Grappler, a journeyman OgTm of Okawaru (D:14)
  2 frost giants
  Roxanne (Spider:1)
  A fire giant (Depths:1)
  6 emperor scorpions
  4 deep elf sorcerers
  Louise (Elf:3)
  2 ghost moths
  An orc warlord (Orc:2)
  7 deep elf demonologists
  9 deep elf annihilators
  4 entropy weavers
  4 bunyips
  2 eleionomae
  5 deep elf death magi
  A yaktaur captain (D:14)
  3 boulder beetles
  Fannar (D:10)
  A rakshasa (Depths:1)
  13 hydras
  Erica (D:10)
  4 ice dragons
  4 centaur warriors
  4 two-headed ogres
  27 dancing weapons
  6 alligators (Swamp:1)
  A two-headed ogre (shapeshifter) (Elf:3)
  5 death yaks
  2 tengu warriors
  14 deep elf knights
  Sonja (Lair:2)
  Nergalle (D:10)
  3 spriggans
  5 goliath frogs
  A spriggan druid (Swamp:2)
  3 bog bodies (Swamp:1)
  11 deep elf archers
  A swamp dragon (Swamp:2)
  3 orc knights
  2 lindwurms (Lair:6)
  A mana viper (shapeshifter) (Elf:3)
  10 orb spiders
  2 oklob plants (Lair:6)
  3 manticores (D:15)
  21 ugly things
  3 orc sorcerers
  55 deep elf magi
  19 wolf spiders
  2 will-o-the-wisps (Swamp:1)
  A moth of wrath (Spider:3)
  5 cyclopes
  15 black mambas
  3 elephants (Lair:3)
  A guardian serpent (Lair:6)
  3 centaur zombies
  An ice statue (IceCv)
  Joseph (D:7)
  2 gargoyles
  6 centaur skeletons
  Maggie (D:9)
  A torpor snail (Lair:5)
  23 cane toads
  2 kobold demonologists
  10 rime drakes
  11 demonic crawlers
  An efreet (D:15)
  2 yaktaurs (D:14)
  A rime drake (shapeshifter) (Elf:1)
  A tengu conjurer (D:15)
  6 komodo dragons
  4 trolls
  A bloated husk (Swamp:2)
  21 polar bears
  15 jumping spiders
  A meliai zombie (D:14)
  9 hornets
  4 tyrant leeches
  18 blink frogs
  Grinder (D:4)
  21 dream sheep
  A shadow (D:14)
  73 redbacks
  A vampire (D:13)
  83 yaks
  2 air elementals (Elf:1)
  2 wraiths
  4 water elementals
  17 tarantellas
  3 fire elementals
  10 wyverns
  2 steam dragons
  3 basilisks
  2 hogs (Lair:4)
  6 vampire mosquitoes
  12 wargs
  13 swamp worms
  An acid dragon (D:15)
  35 water moccasins
  2 soldier ants
  A swamp drake (Orc:1)
  Duvessa (D:5)
  2 sky beasts
  2 black bears (Lair:3)
  12 ice beasts
  64 orc warriors
  A phantom (D:8)
  25 centaurs
  48 wolves
  9 ogres
  3 big kobolds
  21 bullfrogs
  A wyvern zombie (D:11)
  2 earth elementals
  5 scorpions
  Dowan (D:5)
  3 killer bees (D:9)
  12 wights
  8 electric eels
  3 howler monkeys
  A crimson imp (Orc:1)
  A wyvern simulacrum (D:14)
  6 hounds
  A quasit (D:7)
  3 jellies
  26 orc priests
  An iron imp (Orc:1)
  44 orc wizards
  2 bullfrog skeletons
  Ijyb (D:4)
  Natasha (thrice) (D:2)
  Terence (D:2)
  7 hell rats (Lair:3)
  6 iguanas
  5 worker ants
  A hound zombie (D:8)
  A hound skeleton (D:5)
  A worker ant zombie (D:11)
  3 gnolls (Orc:2)
  13 adders
  3 shadow imps
  5 white imps
  4 ufetubi
  An ooze (D:1)
  2 adder skeletons
  7 worms
  A dart slug (D:1)
  10 leopard geckos
  167 orcs
  6 bats
  3 giant cockroaches
  10 goblins
  8 hobgoblins
  10 jackals
  A quokka (D:2)
  A ball python (D:2)
  3 frilled lizards
  16 kobolds
  2 leopard gecko skeletons
  A quokka skeleton (D:6)
  2 rats
  A tentacle (Abyss:3)
1372 creatures vanquished.

Vanquished Creatures (others)
  2 deep elf magi (Elf:3)
  3 bloated husks
  A vampire mosquito (Swamp:1)
  An orc wizard (Orc:1)
  An orc (Orc:1)
  6 foxfires (Swamp:1)
  67 fungi
  109 plants
  4 tentacles (Abyss:3)
194 creatures vanquished.

Grand Total: 1566 creatures vanquished

Notes
Turn   | Place    | Note
-------+----------+-------------------------------------------
     0 | D:1      | pkoi the Minotaur Gladiator began the quest for the Orb.
     0 | D:1      | Reached XP level 1. HP: 18/18 MP: 0/0
    45 | D:1      | Reached XP level 2. HP: 24/25 MP: 1/1
   458 | D:1      | Reached skill level 5 in Axes
   640 | D:2      | Reached XP level 3. HP: 28/30 MP: 2/2
   750 | D:2      | Reached XP level 4. HP: 37/37 MP: 3/3
  1003 | D:2      | Noticed Natasha
  1011 | D:2      | Killed Natasha
  1382 | D:2      | Noticed Terence
  1386 | D:2      | Killed Terence
  1387 | D:2      | Reached XP level 5. HP: 38/42 MP: 4/4
  1629 | D:2      | Noticed Natasha
  1633 | D:2      | Killed Natasha
  1644 | D:2      | Noticed Natasha
  1652 | D:2      | Killed Natasha
  2171 | D:3      | Found a broken altar of Ashenzari.
  2255 | D:3      | Became a worshipper of Ashenzari the Shackled
  2270 | D:4      | Noticed Ijyb
  2275 | D:4      | Noticed an ogre
  2285 | D:3      | Reached XP level 6. HP: 15/50 MP: 5/5
  2542 | D:4      | Reached skill level 1 in Armour
  2613 | D:4      | Reached skill level 3 in Fighting
  2901 | D:4      | Reached XP level 7. HP: 41/57 MP: 6/6
  3188 | D:4      | Killed Ijyb
  3265 | D:4      | Got the uncursed cloak of Ximigi {Str+2 Dex+3}
  3271 | D:4      | Identified the +0 cloak of Ximigi {Str+2 Dex+3} (You found
                  | it on level 4 of the Dungeon)
  3278 | D:4      | Noticed Grinder
  3295 | D:4      | Killed Grinder
  3296 | D:4      | Reached skill level 4 in Fighting
  3817 | D:5      | Entered Level 5 of the Dungeon
  3824 | D:5      | Found a stormy altar of Qazlal.
  3826 | D:5      | Noticed an air elemental
  3827 | D:5      | Noticed a water elemental
  3827 | D:5      | Noticed a fire elemental
  3836 | D:5      | Reached * piety under Ashenzari
  4049 | D:5      | Reached skill level 5 in Dodging
  4303 | D:5      | Reached XP level 8. HP: 67/67 MP: 7/7
  4463 | D:5      | Reached skill level 5 in Fighting
  4668 | D:5      | Noticed Dowan
  4670 | D:5      | Noticed Duvessa
  4672 | D:5      | Killed Dowan
  4680 | D:5      | Killed Duvessa
  5293 | D:6      | Reached skill level 5 in Armour
  5662 | D:6      | Found an ornate altar of the Wu Jian Council.
  5716 | D:6      | Reached skill level 6 in Fighting
  5803 | D:6      | Found a staircase to the Ecumenical Temple.
  6250 | D:6      | Reached skill level 10 in Axes
  6401 | D:6      | Reached XP level 9. HP: 69/78 MP: 8/8
  6478 | D:6      | Noticed a two-headed ogre
  6486 | D:6      | Killed a two-headed ogre
  6487 | D:6      | Reached skill level 7 in Fighting
  7058 | D:7      | Noticed Joseph
  7071 | D:7      | Killed Joseph
  7072 | D:7      | Reached skill level 1 in Evocations
  7241 | D:7      | Found Huxesugg's General Store.
  7245 | D:7      | Bought a scroll of remove curse for 39 gold pieces
  7245 | D:7      | Bought a scroll of remove curse for 39 gold pieces
  7269 | D:7      | Reached ** piety under Ashenzari
  7468 | D:8      | Found a flagged portal.
  7482 | Bailey   | Entered a bailey
  7662 | Bailey   | Reached skill level 8 in Fighting
  7914 | Bailey   | Reached XP level 10. HP: 71/88 MP: 9/9
  9358 | D:8      | Reached skill level 9 in Fighting
  9957 | D:8      | Found a sparkling altar of Nemelex Xobeh.
 10394 | D:9      | Found an iron altar of Okawaru.
 10394 | D:9      | Found a shimmering blue altar of Sif Muna.
 10394 | D:9      | Found a blossoming altar of Fedhas.
 10616 | D:9      | Reached *** piety under Ashenzari
 10626 | D:9      | Found a runed translucent gate.
 10627 | D:9      | Found a runed translucent gate.
 10628 | D:9      | Found a runed translucent gate.
 10634 | D:9      | Noticed Lutha's ghost (novice MiFi)
 10691 | D:9      | Noticed Maggie
 10698 | D:9      | Killed Maggie
 11368 | D:10     | Entered Level 10 of the Dungeon
 11371 | D:10     | Found a portal to a secret trove of treasure.
 11387 | D:10     | Noticed Fannar
 11392 | D:10     | Reached skill level 10 in Fighting
 11815 | D:9      | Reached XP level 11. HP: 99/99 MP: 10/10
 11826 | D:10     | Killed Fannar
 11827 | D:10     | Reached skill level 10 in Armour
 11885 | D:10     | Found a staircase to the Lair.
 12159 | D:10     | Found Inanyuset's Magic Scroll Boutique.
 12259 | D:10     | Noticed Nergalle
 12270 | D:10     | Killed Nergalle
 12893 | D:10     | Noticed Erica
 12903 | D:10     | Killed Erica
 13086 | D:10     | Reached skill level 11 in Fighting
 13135 | D:10     | Reached skill level 5 in Evocations
 13694 | D:11     | Identified the +7 scimitar "Uracuj" {drain, *Slow rPois
                  | rF++ rC+}
 13729 | D:11     | Found a runed translucent door.
 13729 | D:11     | Found a shimmering altar of Xom.
 13729 | D:11     | Noticed Eryximachus's ghost (journeyman OpTm)
 13729 | D:11     | Noticed a +4 war axe of chaos
 14183 | D:11     | Noticed a boulder beetle
 14198 | D:11     | Killed a boulder beetle
 14199 | D:11     | Reached skill level 10 in Dodging
 14365 | D:11     | Noticed a two-headed ogre
 14370 | D:11     | Killed a two-headed ogre
 14371 | D:11     | Reached skill level 12 in Fighting
 14371 | D:11     | Reached XP level 12. HP: 104/112 MP: 11/11
 14463 | D:11     | Noticed a two-headed ogre
 14470 | D:11     | Killed a two-headed ogre
 14471 | D:11     | Reached skill level 5 in Throwing
 14755 | D:11     | Found a staircase to the Orcish Mines.
 15210 | Lair:1   | Entered Level 1 of the Lair of Beasts
 15284 | Lair:1   | Reached **** piety under Ashenzari
 16351 | Lair:2   | Noticed Sonja
 16369 | Lair:2   | Killed Sonja
 17101 | Lair:2   | Reached skill level 13 in Fighting
 17539 | Lair:2   | Noticed a seven-headed hydra
 17539 | Lair:2   | Noticed an eight-headed hydra
 17562 | Lair:1   | Killed an eight-headed hydra
 17727 | Lair:2   | Killed an 11-headed hydra
 18018 | Lair:2   | Found a staircase to the Swamp.
 18239 | Lair:3   | Reached XP level 13. HP: 122/122 MP: 12/12
 18291 | Lair:3   | Reached ***** piety under Ashenzari
 18799 | Lair:3   | Reached skill level 14 in Fighting
 19307 | Lair:3   | Found a hole to the Spider Nest.
 20035 | Lair:4   | Found a transporter.
 20050 | Lair:4   | Found a one-way gate to the infinite horrors of the Abyss.
 20050 | Lair:4   | Noticed Wairalebb's ghost (journeyman BaFi)
 20058 | Lair:4   | Found a transporter.
 20531 | Lair:4   | Noticed Kirke
 20547 | Lair:4   | Killed Kirke
 20548 | Lair:4   | Reached skill level 15 in Fighting
 21054 | Lair:4   | Reached XP level 14. HP: 93/135 MP: 13/13
 21779 | Lair:5   | Found a staircase to the Slime Pits.
 22076 | Lair:6   | Entered Level 6 of the Lair of Beasts
 22492 | Lair:6   | Reached skill level 16 in Fighting
 23433 | Lair:6   | Reached skill level 15 in Axes
 23834 | Lair:6   | Reached skill level 17 in Fighting
 25200 | Orc:1    | Entered Level 1 of the Orcish Mines
 25274 | Orc:1    | Found a roughly hewn altar of Beogh.
 25290 | Orc:1    | Reached XP level 15. HP: 147/147 MP: 14/14
 25300 | Orc:1    | Found Kuis's Weapon Shop.
 25982 | Orc:2    | Entered Level 2 of the Orcish Mines
 25983 | Orc:2    | Noticed an orc warlord
 26000 | Orc:2    | Killed an orc warlord
 26221 | Orc:2    | Found a staircase to the Elven Halls.
 26341 | Orc:2    | Found a roughly hewn altar of Beogh.
 26551 | Orc:2    | Found a roughly hewn altar of Beogh.
 26626 | Orc:2    | Found a roughly hewn altar of Beogh.
 26648 | Orc:2    | Reached ****** piety under Ashenzari
 26777 | Orc:2    | Noticed Saint Roka
 26798 | Orc:2    | Killed Saint Roka
 27229 | Orc:2    | Found Liwkorhy's Antique Armour Shoppe.
 27230 | Orc:2    | Found a roughly hewn altar of Beogh.
 27231 | Orc:2    | Found Erghemeu's Antique Weapon Emporium.
 27250 | Orc:2    | Bought a bronze scale mail for 288 gold pieces
 27250 | Orc:2    | Bought a pair of embroidered gloves for 240 gold pieces
 27270 | Orc:2    | Identified the +2 scale mail of the Turtle {rPois} (You
                  | bought it in a shop on level 2 of the Orcish Mines)
 27297 | Orc:2    | Found a roughly hewn altar of Beogh.
 27298 | Orc:2    | Found Hauchus's Gadget Boutique.
 27366 | Orc:2    | Reached skill level 15 in Armour
 27429 | Orc:2    | Found a roughly hewn altar of Beogh.
 27619 | Orc:2    | Found a roughly hewn altar of Beogh.
 27628 | Orc:2    | Found Daclaaz's Jewellery Boutique.
 27643 | Orc:2    | Bought a cursed ring of teleportation for 67 gold pieces
 27705 | Elf:1    | Entered Level 1 of the Elven Halls
 28183 | Elf:1    | Noticed a Tzitzimitl
 28727 | Elf:1    | Identified the +4 hand crossbow "Xiurghitz" {elec, Str+2
                  | SInv}
 28865 | Elf:1    | Reached skill level 18 in Fighting
 29929 | D:12     | Found Luasiful's Armour Shoppe.
 29966 | D:12     | Noticed Rupert
 29977 | D:12     | Killed Rupert
 30161 | D:12     | Reached XP level 16. HP: 146/157 MP: 15/15
 30554 | Spider:1 | Entered Level 1 of the Spider Nest
 31374 | Spider:1 | Noticed Roxanne
 31398 | Spider:1 | Killed Roxanne
 31836 | Spider:1 | Reached skill level 15 in Dodging
 31836 | Spider:1 | Reached XP level 17. HP: 135/166 MP: 2/16
 32248 | Spider:2 | Reached skill level 19 in Fighting
 32636 | Spider:2 | Identified the +1 robe of an ice cave {rElec Will- Stlth+}
 33129 | Spider:3 | Found a transporter.
 33577 | Spider:3 | Found a transporter.
 33944 | Spider:3 | Identified the ring of Atasair {Will- Str+4 Int+3 Stlth+}
 34014 | Spider:3 | Identified the ring "Jiwup" {rElec rF- rC+ Int+6}
 34289 | Swamp:1  | Entered Level 1 of the Swamp
 34454 | Lair:2   | Reached XP level 18. HP: 68/176 MP: 17/17
 36447 | Swamp:3  | Noticed Mara
 36457 | Swamp:3  | Noticed pkoi's illusion
 36486 | Swamp:3  | HP: 6/178 [Mara (illusionary)/bolt of fire (22)]
 36824 | Swamp:3  | Noticed pkoi's illusion
 36893 | Swamp:3  | Noticed pkoi's illusion
 37819 | D:14     | Found a frozen archway.
 37842 | IceCv    | Entered an ice cave
 38787 | D:14     | Identified the +1 leather armour of the Shining Light
                  | {rElec Int+7}
 38865 | D:14     | Reached skill level 20 in Fighting
 39035 | D:14     | Found a gate to the Vaults.
 39263 | D:14     | Found a glowing golden altar of the Shining One.
 39407 | D:14     | Found a runed translucent door.
 39407 | D:14     | Noticed Wogiaph's ghost (journeyman OgTm)
 39467 | D:14     | Killed Wogiaph's ghost
 39668 | D:15     | Entered Level 15 of the Dungeon
 40343 | D:15     | Found a staircase to the Depths.
 40638 | D:15     | Learned a level 1 spell: Apportation
 40641 | D:15     | Learned a level 2 spell: Blink
 40908 | Elf:2    | Found Resucsef's General Store.
 41182 | Elf:2    | Reached XP level 19. HP: 164/187 MP: 18/18
 41221 | Elf:2    | Found a huge runed translucent gate.
 41221 | Elf:2    | Found a huge runed translucent gate.
 41221 | Elf:2    | Found a huge runed translucent gate.
 41221 | Elf:2    | Found a huge runed translucent gate.
 41231 | Elf:2    | Found a huge runed translucent gate.
 41381 | Elf:2    | Reached skill level 1 in Translocations
 41385 | Elf:2    | Reached skill level 1 in Spellcasting
 42602 | Elf:3    | Entered Level 3 of the Elven Halls
 42800 | Elf:2    | HP: 6/181 [deep elf death mage/vampiric draining (17)]
 43132 | Elf:3    | Noticed Louise
 43205 | Elf:3    | Killed Louise
 43719 | Elf:3    | Found a transporter.
 43719 | Elf:3    | Found a transporter.
 43732 | Elf:3    | Found a bloodstained altar of Trog.
 43732 | Elf:3    | Identified the +5 rapier of Compulsion {vorpal, rElec rC++
                  | MP+9}
 43732 | Elf:3    | Identified the +8 rapier of Wyrd {antimagic, Int+3}
 43732 | Elf:3    | Noticed Copingsaw's ghost (veteran FoHu)
 43734 | Elf:3    | Identified the +10 rapier of Glory {antimagic, +Fly rElec
                  | rF+ Dex-3}
 43734 | Elf:3    | Identified the +12 quick blade of Valuable Assets
                  | {antimagic, Stlth+}
 43767 | Elf:3    | Identified the cursed +3 longbow of Death {vorpal, rC++
                  | Str-2 Dex+8 Stlth-}
 43769 | Elf:3    | Cast into level 3 of the Abyss (a deep elf demonologist)
 43787 | Elf:3    | Escaped the Abyss
 44089 | Elf:3    | Identified the ring of Moodiness {+Fly rF- rC+++ rN+}
 44152 | Elf:3    | Identified the ring of Othrosibu {Ice rN+ Str+4}
 44227 | Elf:3    | Identified the +11 glaive of Propriety {vorpal, Will+}
 44447 | Elf:3    | Identified the cursed +0 hunting sling of the Unseen Realm
                  | {freeze, rPois}
 44474 | Elf:3    | Identified the cursed +1 plate armour of the Other World
                  | {rPois rF- Dex+6}
 44638 | Elf:3    | Identified the cursed +0 mace "Erirutau" {vorpal, rPois rC-
                  | Dex+3}
 44639 | Elf:3    | Identified the +10 hunting sling of Jefav {freeze, +Fly rC+
                  | Will+ Stlth-}
 44758 | Elf:3    | Found Yfonill's Antique Armour Shoppe.
 45111 | Depths:1 | Entered Level 1 of the Depths
 45149 | Depths:1 | Reached skill level 21 in Fighting
 45186 | Depths:1 | Noticed a golden dragon
 45201 | Depths:1 | Killed a golden dragon
 45202 | Depths:1 | Reached XP level 20. HP: 150/198 MP: 22/22
 45223 | Depths:1 | Noticed a golden dragon
 45232 | Depths:1 | HP: 5/198 [spriggan berserker/+0 flail (15)]
 45238 | D:15     | Demolished by a spriggan berserker

Illustrated notes

Levels and vault maps discovered:
D:1:      dpeg_arrival_water_temple_mockup, layout_loops_cross
D:2:      layout_basic, uniq_natasha, uniq_terence
D:3:      layout_rooms, overflow_temple_1_default
D:4:      layout_gridville, uniq_grinder, uniq_ijyb
D:5:      layout_loops_corners, minmay_misc_feat_rugged, chequers_avenue,
          amethyst_killhole, nicolae_qazlal_style_of_elements, uniq_duvessa
D:6:      layout_basic, lemuel_doored_altar, minmay_temple_entry_overgrown
D:7:      layout_loops_ring, serial_shops, nicolae_shop_stone, uniq_joseph
D:8:      layout_cave_pools, lemuel_crystal_altar, enter_bailey_3,
          dk_vineyard_1, minmay_circle_x
D:9:      layout_cave_pods, gammafunk_temple_overflow_forgotten,
          gammafunk_ghost_icy, uniq_maggie
D:10:     cheibrodos_two_vegetables, layout_loops_cross, lair_entry_dummy,
          nicolae_trove_entry_crossroad, serial_shops,
          nicolae_shop_behind_doors, uniq_nergalle, uniq_erica, uniq_fannar
D:11:     layout_stronghold, david_orc_4, ebering_ghost_xom
D:12:     layout_cave_pools, serial_shops, shop, minmay_misc_feat_tower,
          uniq_rupert
D:13:     layout_basic
D:14:     layout_roguey, david_vaults_2, nicolae_tso_swordbearing_angel,
          gammafunk_ghost_grave, portal_ice_cave_entry_ice_beasts,
          minmay_fractal_squares_diagonal_5
D:15:     grunt_enter_depths_hoard, layout_irregular_city, minmay_between
Lair:1:   layout_regular_city, serial_bayou_lagoon_b
Lair:2:   layout_roguey, palyth_hydra_swamp_entry, beast_lair_carwin_1,
          uniq_sonja
Lair:3:   layout_regular_city, nicolae_spider_entry_orb_guardian,
          beast_lair_carwin_7, grunt_megastairs_3
Lair:4:   layout_gridlike, gammafunk_ghost_abyssal_escape, uniq_kirke
Lair:5:   layout_loops_ring, dpeg_slime_entry_corner
Lair:6:   hangedman_lair_tendril_chambers, layout_regular_city,
          minmay_lair_drake_nest
Swamp:1:  layout_basic_swamp, evilmike_swamp_ruin_house_1
Swamp:2:  layout_basic_swamp, hangedman_swamp_blocks
Swamp:3:  layout_basic_swamp, nicolae_swamp_feature_on_the_river_bank,
          swamp_pool4, infiniplex_staircase_pool_2, uniq_nikola, uniq_mara
Spider:1: layout_spider_delve, hangedman_spider_tarantella_strand, uniq_roxanne
Spider:2: layout_spider_delve, nicolae_spider_circle_web,
          nicolae_spider_cling_ruins
Spider:3: gammafunk_its_a_trap, hive_lemuel
Orc:1:    layout_diamond_mine, serial_shops, nicolae_shop_behind_doors,
          basic_altar, hangedman_minor_magic
Orc:2:    grunt_orc_community_town_hall, layout_caves,
          grunt_orc_community_big_house_1, grunt_orc_community_big_house_2,
          grunt_orc_community_house_3, grunt_orc_community_house_1,
          grunt_orc_community_house_1, grunt_orc_community_house_1,
          grunt_orc_community_house_2, grunt_orc_community_house_3, basic_altar,
          mines5_lemuel
Elf:1:    minmay_elf_arrival_summoners, layout_geoelf_diagonals,
          hangedman_elf_represent
Elf:2:    layout_geoelf_octagon, serial_shops, shop
Elf:3:    grunt_elf_hall_branching, layout_onion_city, serial_shops,
          nicolae_shop_trees, gammafunk_ghost_wrathful_warriors,
          glass_columns_a, uniq_louise
Depths:1: minmay_four_inscribed_fans, layout_cave_pools, enter_ziggurat_c,
          hell_entry, rand_demon_pan_entry_1, lemuel_statue_altar,
          kennysheep_windowed_goal

Skill      XL: |  1  2  3  4  5  6  7  8  9 10 11 12 13 14 15 16 17 18 19 |
---------------+----------------------------------------------------------+-----
Axes           | 4 5 6 7 8 9 10 11 12 13 14 15 16 17 18 19 | 19.8
Armour         | 2 3 5 7 9 11 12 13 14 15 16 17 18 19 | 19.1
Fighting       | 3 4 6 8 10 12 13 15 17 18 19 20 21 | 21.1
Dodging        | 4 5 6 7 8 10 11 13 14 15 16 17 | 17.6
Evocations     | 2 4 5 7 8 |  8.0
Throwing       | 4 6 8 9 |  9.8
Translocations | 2 |  2.7
Spellcasting   | 2 |  2.4

Action                   |  1- 3 |  4- 6 |  7- 9 | 10-12 | 13-15 | 16-18 | 19-21 || total
-------------------------+-------+-------+-------+-------+-------+-------+-------++-------
Melee: War axe           |    32 |   120 |   258 |   133 |       |       |       ||   543
       Headbutt          |     7 |    19 |    72 |   212 |   288 |   378 |    88 ||  1064
       Battleaxe         |       |       |       |   466 |  1014 |  1062 |   363 ||  2905
Throw: Dart              |       |       |       |    13 |     3 |    16 |     5 ||    37
       Javelin           |       |       |       |       |       |       |     3 ||     3
Invok: Curse Item        |       |     3 |     2 |       |     1 |     3 |     2 ||    11
       Scrying           |       |       |       |       |       |       |     1 ||     1
Evoke: Wand              |       |       |       |    10 |    29 |    23 |       ||    62
  Use: Scroll            |       |       |     8 |     7 |     2 |     3 |     5 ||    25
       Potion            |       |       |     7 |     5 |     2 |     1 |       ||    15
 Stab: Sleeping          |       |       |     2 |       |       |       |       ||     2
       Invisible         |       |       |       |       |    20 |       |       ||    20
Armor: Leather armour    |     8 |    18 |    26 |       |       |       |       ||    52
       Plate armour      |       |       |    88 |   277 |   316 |       |       ||   681
       Scale mail        |       |       |       |       |    42 |   297 |   113 ||   452
Dodge: Dodged            |    22 |    78 |   164 |   417 |   743 |  1373 |   319 ||  3116

Table legend: (Time is in decaauts)
 A = Elapsed time spent in this place.
 B = Non-inter-level travel time spent in this place.
 C = Inter-level travel time spent in this place.
 D = Time resting spent in this place.
 E = Time spent auto-exploring this place.
 F = Levels seen in this place.
 G = Mean time per level.
                   A        B        C        D        E       F      G
               +--------+--------+--------+--------+--------+-----+--------+
         Total |  44884 |  42521 |   2363 |  11170 |  23465 |  36 | 1246.8 |
       Dungeon |  17339 |  16205 |   1134 |   3321 |  10482 |  15 | 1155.9 |
          Lair |  11065 |  10548 |    517 |   3525 |   5574 |   6 | 1844.2 |
         Swamp |   2469 |   2355 |    114 |    798 |   1065 |   3 |  823.0 |
   Spider Nest |   2778 |   2643 |    135 |    520 |   1427 |   3 |  926.0 |
  Orcish Mines |   2515 |   2356 |    159 |    446 |   1302 |   2 | 1257.5 |
   Elven Halls |   5984 |   5682 |    302 |   1746 |   2567 |   3 | 1994.7 |
        Depths |    100 |    100 |      0 |      6 |     25 |   1 |  100.0 |
         Abyss |     18 |     18 |      0 |      0 |      0 |   1 |   18.0 |
        Bailey |   1752 |   1752 |      0 |    716 |    500 |   1 | 1752.0 |
      Ice Cave |    862 |    862 |      0 |     91 |    520 |   1 |  862.0 |
               +--------+--------+--------+--------+--------+-----+--------+

Top non-repeatable levels by time:
   Elf:2: 2496 daAuts
    D:11: 2308 daAuts
  Lair:3: 2296 daAuts
  Lair:6: 2204 daAuts
   Elf:1: 2086 daAuts
  Lair:2: 2017 daAuts
  Lair:5: 1762 daAuts
  Bailey: 1752 daAuts
   Orc:2: 1735 daAuts
    D:10: 1701 daAuts
     D:6: 1618 daAuts
     D:9: 1436 daAuts
  Lair:1: 1434 daAuts
     D:5: 1403 daAuts
   Elf:3: 1400 daAuts
